 Dungeon Crawl Stone Soup version 0.28-a0-1594-ga885d4b3d6 (webtiles) character file.

Game seed: 8726835635335790966

4560 vineage the Fighter (level 10, -3/101 HPs)
             Began as a Minotaur Fighter on Jan 20, 2022.
             Was a Priest of Okawaru.
             Killed from afar by an electric eel (12 damage)
             ... with a bolt of electricity
             ... on level 8 of the Dungeon.
             The game lasted 00:07:56 (5460 turns).

vineage the Fighter (Minotaur Fighter)              Turns: 5460, Time: 00:07:56

Health: -3/101     AC: 14    Str: 22    XL:     10   Next: 18%
Magic:  9/9        EV:  9    Int: 14    God:    Okawaru [***...]
Gold:   819        SH: 13    Dex: 15    Spells: 9/9 levels left

rFire   + + +      SeeInvis .   s - +4 scimitar "Kiopt" {elec, rC+ Will- Int+9}
rCold   + + +      Faith    .   i - +2 shield of Resistance {rF++ rC++ Will++}
rNeg    . . .      Spirit   .   p - +1 ring mail of Jeluruyr {Dex+2 Slay+2}
rPois   .          Reflect  .   (helmet restricted)
rElec   .          Harm     .   (no cloak)
rCorr   .          Rampage  .   C - +2 pair of gloves
Will    ++...                   l - +1 pair of boots
Stlth   +.........              m - amulet of regeneration
HPRegen 1.06/turn               o - ring of protection from fire
MPRegen 0.11/turn               f - ring of protection from cold

@: unable to read
A: horns 2, retaliatory headbutt, strong-willed 1, inability to read while
threatened
a: Renounce Religion, Heroism


You were on level 8 of the Dungeon.
You worshipped Okawaru.
Okawaru was most pleased with you.
You visited 2 branches of the dungeon, and saw 9 of its levels.

You collected 1089 gold pieces.
You spent 270 gold pieces at shops.

Inventory:

Hand Weapons
 s - the +4 scimitar "Kiopt" (weapon) {elec, rC+ Will- Int+9}
   (You bought it in a shop on level 6 of the Dungeon)

   It occasionally discharges a powerful burst of electricity upon striking a
   foe.
   Int:       It affects your intelligence (+9).
   rC:        It protects you from cold.
   Will:      It decreases your willpower.
Armour
 i - the +2 shield of Resistance (worn) {rF++ rC++ Will++}
   (You found it on level 2 of the Dungeon)

   rF:        It greatly protects you from fire.
   rC:        It greatly protects you from cold.
   Will:      It greatly increases your willpower.
 l - a +1 pair of boots (worn)
 p - the +1 ring mail of Jeluruyr (worn) {Dex+2 Slay+2}
   (You found it on level 3 of the Dungeon)

   Dex:       It affects your dexterity (+2).
   Slay:      It affects your accuracy & damage with ranged weapons and melee
   (+2).
 C - a +2 pair of gloves (worn)
Jewellery
 f - a ring of protection from cold (right hand)
 m - an amulet of regeneration (around neck)
 o - a ring of protection from fire (left hand)
Wands
 j - a wand of mindburst (14)
 q - a wand of flame (28)
 v - a wand of digging (6)
Scrolls
 a - a scroll of fog
 x - 2 scrolls of teleportation
 y - 3 scrolls of fear
 A - a scroll of enchant weapon
 B - a scroll of amnesia
Potions
 b - a potion of degeneration {unknown}
 d - 5 potions of might
 e - 5 potions of curing
 g - 4 potions of brilliance
 h - a potion of berserk rage
 k - 2 potions of heal wounds
 n - a potion of lignification {unknown}
 r - a potion of haste {unknown}
 t - a potion of ambrosia {unknown}
 w - a potion of magic {unknown}
 z - a potion of attraction {unknown}


   Skills:
 * Level 13.0 Fighting
 - Level 2.4 Axes
 + Level 9.6 Armour
 + Level 9.6 Shields


You had 9 spell levels left.
You didn't know any spells.
Your spell library contained the following spells:

 Spells                   Type           Power      Damage    Failure   Level
 Conjure Flame            Conj/Fire      0%         6-21      96%         3
 Ignite Poison            Fire/Tmut/Pois 0%         N/A       96%         3
 Portal Projectile        Hex/Tloc       0%         N/A       96%         3
 Sticky Flame             Conj/Fire      0%         2d3       100%        4
 Blade Hands              Tmut           0%         N/A       100%        5
 Excruciating Wounds      Necr           0%         N/A       100%        5


Dungeon Overview and Level Annotations

Branches:
Dungeon (8/15)             Temple (1/1) D:5            Lair (0/6) D:8

Altars:
Ashenzari
Cheibriados
Elyvilon
Fedhas
Gozag
Nemelex Xobeh
Okawaru
Qazlal
Ru
Vehumet
Xom
Yredelemnul
The Shining One

Shops:
D:6 (


Innate Abilities, Weirdness & Mutations

You have a pair of horns on your head.
You reflexively headbutt those who attack you in melee.
You are strong-willed. (Will+)
You sometimes lose the ability to read scrolls when taking damage.


Message History

You can read scrolls again.
The electric eel shoots out a bolt of lightning at you!
The bolt of electricity hits you.
The electric eel shoots out a bolt of lightning at you!
The bolt of electricity hits you.
The electric eel shoots out a bolt of lightning at you!
The bolt of electricity hits you.
The electric eel shoots out a bolt of lightning at you!
The bolt of electricity hits you!
You feel threatened and lose the ability to read scrolls!
The electric eel shoots out a bolt of lightning at you!
The bolt of electricity hits you!
The electric eel shoots out a bolt of lightning at you!
The bolt of electricity misses you.
The electric eel shoots out a bolt of lightning at you!
The bolt of electricity hits the electric eel.
The electric eel completely resists.
The bolt of electricity hits you!
* * * LOW HITPOINT WARNING * * *
The electric eel shoots out a bolt of lightning at you!
The bolt of electricity hits you!
* * * LOW HITPOINT WARNING * * *
The bolt of electricity hits you!
* * * LOW HITPOINT WARNING * * *
Unknown command.
You feel much better.
The electric eel shoots out a bolt of lightning at you!
The bolt of electricity hits the electric eel.
The electric eel completely resists.
The bolt of electricity hits you.
* * * LOW HITPOINT WARNING * * *
The electric eel shoots out a bolt of lightning at you!
The bolt of electricity hits you.
* * * LOW HITPOINT WARNING * * *
The electric eel shoots out a bolt of lightning at you!
The bolt of electricity hits you.
* * * LOW HITPOINT WARNING * * *
The bolt of electricity hits you!
* * * LOW HITPOINT WARNING * * *
The electric eel shoots out a bolt of lightning at you!
The bolt of electricity hits you!
You die...

.≈≈≈≈≈≈≈≈≈...≈≈≈.≈≈.
....≈≈SS...≈..S≈≈..$.
.≈≈≈≈≈≈≈≈≈≈.≈≈≈≈≈.....
..≈≈≈≈≈≈≈S≈≈≈≈≈≈≈.....
...≈≈≈..≈≈≈≈≈≈..≈.....
...≈......S≈.≈........
......................
....................+
.......@............#
##############'###....####..
#................#....#..#
#................#....#..#
#########.........#ZT..#..#
#.......#'#########....##.#
#.......................#'###
#..[....................#...#
#.......................'...#


You could see 5 electric eels.

Vanquished Creatures
  Pikel (D:7)
  A troll (D:7)
  Grinder (D:3)
  Sigmund (D:2)
  2 steam dragons (D:7)
  2 water moccasins
  An orc warrior (D:6)
  2 hornet zombies
  An ice beast (D:7)
  3 ogres
  A necrophage (D:4)
  3 wolves
  A phantom (D:5)
  A centaur (D:6)
  2 lemures (D:7)
  A kobold brigand (D:7)
  2 bullfrogs (D:7)
  A water moccasin zombie (D:5)
  5 scorpions
  2 wyvern skeletons (D:7)
  A howler monkey (D:6)
  3 jellies
  2 centaur zombies
  3 orc priests
  2 bullfrog skeletons
  9 hounds
  A centaur skeleton (D:7)
  4 iguanas
  Jessica (D:2)
  Natasha (D:3)
  5 orc wizards
  2 hound skeletons
  A howler monkey zombie (D:6)
  6 adders
  8 gnolls
  A shadow imp (D:6)
  2 ufetubi
  3 worms
  5 dart slugs
  31 orcs
  17 endoplasms
  2 giant cockroaches
  9 goblins
  4 hobgoblins
  2 jackals (D:1)
  4 quokkas
  6 ball pythons
  7 bats
  2 frilled lizards (D:2)
  17 kobolds
  7 rats
202 creatures vanquished.

Vanquished Creatures (others)
  A quokka (D:4)
  4 fungi (D:2)
  3 plants (D:6)
  5 toadstools (D:2)
13 creatures vanquished.

Grand Total: 215 creatures vanquished

Notes
Turn   | Place    | Note
-------+----------+-------------------------------------------
     0 | D:1      | vineage the Minotaur Fighter began the quest for the Orb.
     0 | D:1      | Reached XP level 1. HP: 19/19 MP: 0/0
   146 | D:1      | Reached skill level 4 in Fighting
   179 | D:1      | Reached XP level 2. HP: 24/27 MP: 1/1
   546 | D:1      | Reached XP level 3. HP: 22/34 MP: 2/2
   935 | D:2      | Found the +2 shield of Resistance {rF++ rC++ Will++}
  1096 | D:2      | Reached XP level 4. HP: 39/41 MP: 3/3
  1116 | D:2      | Noticed Jessica
  1128 | D:2      | Reached skill level 5 in Fighting
  1137 | D:2      | Killed Jessica
  1319 | D:2      | Reached XP level 5. HP: 18/49 MP: 4/4
  1601 | D:2      | Found a faded altar of an unknown god.
  1625 | D:2      | Noticed Sigmund
  1637 | D:2      | Killed Sigmund
  1638 | D:2      | Reached skill level 6 in Fighting
  1638 | D:2      | Reached skill level 5 in Armour
  1638 | D:2      | Reached skill level 5 in Shields
  1638 | D:2      | Reached XP level 6. HP: 30/58 MP: 5/5
  2096 | D:3      | Noticed Grinder
  2102 | D:3      | Killed Grinder
  2103 | D:3      | Reached skill level 7 in Fighting
  2103 | D:3      | Reached XP level 7. HP: 31/66 MP: 6/6
  2358 | D:3      | Identified the +1 ring mail of Jeluruyr {Dex+2 Slay+2}
  2437 | D:3      | Noticed Natasha
  2447 | D:3      | Killed Natasha
  2835 | D:4      | Reached skill level 8 in Fighting
  2941 | D:4      | Found a sparkling altar of Nemelex Xobeh.
  3112 | D:4      | Reached XP level 8. HP: 75/75 MP: 7/7
  3123 | D:4      | Found a white marble altar of Elyvilon.
  3214 | D:4      | Found a glowing golden altar of the Shining One.
  3446 | D:5      | Entered Level 5 of the Dungeon
  3510 | D:5      | Found a blossoming altar of Fedhas.
  3531 | D:5      | Reached skill level 9 in Fighting
  3624 | D:5      | Found a staircase to the Ecumenical Temple.
  3653 | Temple   | Entered the Ecumenical Temple
  3778 | Temple   | Became a worshipper of Warmaster Okawaru
  3990 | D:5      | Reached skill level 10 in Fighting
  4331 | D:6      | Reached * piety under Okawaru
  4378 | D:6      | Reached XP level 9. HP: 86/86 MP: 8/8
  4565 | D:6      | Found Duarhoxa's Antique Weapon Boutique.
  4574 | D:6      | Identified a scroll of acquirement
  4574 | D:6      | Acquired 671 gold pieces
  4580 | D:6      | Bought a crude scimitar for 270 gold pieces
  4580 | D:6      | Identified the +4 scimitar "Kiopt" {elec, rC+ Will- Int+9}
                  | (You bought it in a shop on level 6 of the Dungeon)
  4592 | D:6      | Gained mutation: You sometimes lose the ability to read
                  | scrolls when taking damage. [potion of mutation]
  4592 | D:6      | Gained mutation: You are weak. (Str -2) [potion of
                  | mutation]
  4592 | D:6      | Gained mutation: You have hidden genetic defects. [potion
                  | of mutation]
  4593 | D:6      | Lost mutation: You are weak. (Str -2) [potion of mutation]
  4593 | D:6      | Lost mutation: You have hidden genetic defects. [potion of
                  | mutation]
  4593 | D:6      | Lost mutation: You sometimes lose the ability to read
                  | scrolls when taking damage. [potion of mutation]
  4593 | D:6      | Gained mutation: You sometimes lose the ability to read
                  | scrolls when taking damage. [potion of mutation]
  4593 | D:6      | Gained mutation: You are strong-willed. (Will+) [potion of
                  | mutation]
  4606 | D:6      | Reached skill level 11 in Fighting
  4698 | D:7      | Found a stormy altar of Qazlal.
  4774 | D:7      | Reached ** piety under Okawaru
  4806 | D:7      | Noticed Pikel
  4815 | D:7      | Killed Pikel
  4816 | D:7      | Reached skill level 12 in Fighting
  4904 | D:7      | Reached *** piety under Okawaru
  5185 | D:8      | Noticed a troll
  5215 | D:7      | Reached XP level 10. HP: 53/100 MP: 9/9
  5432 | D:8      | Reached skill level 13 in Fighting
  5456 | D:8      | Found a staircase to the Lair.
  5460 | D:8      | Killed from afar by an electric eel

Illustrated notes

Levels and vault maps discovered:
D:1:      dpeg_arrival_pond, layout_loops_ring, nrook_uturn,
          nicolae_grassy_gnolls
D:2:      cheibrodos_fertilizer, layout_basic, ebering_ecumenical_altar_webs,
          uniq_jessica, uniq_sigmund
D:3:      layout_loops_cross, chequers_serial_rivers_room_a, uniq_grinder,
          uniq_natasha
D:4:      layout_loops_cross, nemelex_diamond_rough_becter,
          nicolae_tso_carved_into_rock, elyvilon_altar_4
D:5:      layout_layer_cave, mainiacjoe_overflow_24_doors,
          minmay_temple_entry_steel_oval
D:6:      layout_gridville, serial_shops, nicolae_shop_overgrown_old_shop
D:7:      layout_rooms, grunt_qazlal_sundering,
          hangedman_abyss_or_decor_lesser_grid, uniq_pikel
D:8:      layout_gridville, erik_lair_island, serial_shops, nicolae_square_shop,
          serial_bayou_pond_b, chequers_serial_rivers_small_3, uniq_erica
Temple:   regret_index_temple_generic_petals

Skill      XL: |  1  2  3  4  5  6  7  8  9 10 |
---------------+-------------------------------+-----
Fighting       | 4 5 6 7 8 10 12 13 | 13.0
Armour         | 4 5 6 7 9 |  9.6
Shields        | 4 5 6 7 9 |  9.6
Axes           | |  2.4

Action                   |  1- 3 |  4- 6 |  7- 9 | 10-12 || total
-------------------------+-------+-------+-------+-------++-------
Melee: War axe           |    60 |    81 |    33 |       ||   174
       Headbutt          |    13 |    10 |    58 |     6 ||    87
       Falchion          |       |       |   169 |       ||   169
       Scimitar          |       |       |    89 |    32 ||   121
  Use: Scroll            |     4 |     3 |     9 |       ||    16
       Potion            |       |       |     2 |     1 ||     3
Armor: Scale mail        |    29 |    23 |     8 |       ||    60
       Ring mail         |       |       |   135 |    47 ||   182
Dodge: Dodged            |    22 |    24 |   111 |    41 ||   198
Block: Buckler           |     9 |       |       |       ||     9
       Kite shield       |     3 |    47 |   252 |    75 ||   377

Table legend: (Time is in decaauts)
 A = Elapsed time spent in this place.
 B = Non-inter-level travel time spent in this place.
 C = Inter-level travel time spent in this place.
 D = Time resting spent in this place.
 E = Time spent auto-exploring this place.
 F = Levels seen in this place.
 G = Mean time per level.
                   A        B        C        D        E       F      G
               +--------+--------+--------+--------+--------+-----+--------+
         Total |   5688 |   5455 |    233 |    170 |   3955 |   9 |  632.0 |
       Dungeon |   5523 |   5347 |    176 |    170 |   3855 |   8 |  690.4 |
        Temple |    164 |    107 |     57 |      0 |    100 |   1 |  164.0 |
               +--------+--------+--------+--------+--------+-----+--------+

Top non-repeatable levels by time:
     D:2: 1010 daAuts
     D:1: 938 daAuts
     D:3: 859 daAuts
     D:4: 745 daAuts
     D:7: 713 daAuts
     D:5: 663 daAuts
     D:6: 465 daAuts
  Temple: 164 daAuts
     D:8: 127 daAuts
